 Dungeon Crawl Stone Soup version 0.27-a0-1200-g94dc6ad4cf (webtiles) character file.

Game seed: 6589055419561704229

16879 frstone the Covert (level 12, -3/54 HPs)
             Began as a Spriggan Wanderer on May 30, 2021.
             Was a Follower of Uskayaw.
             Slain by Rupert
             ... wielding a +2 great sword of distortion
              (17 damage)
             ... on level 3 of the Lair of Beasts.
             The game lasted 01:33:49 (19192 turns).

frstone the Covert (Spriggan Wanderer)             Turns: 19192, Time: 01:33:50

Health: -3/54      AC:  5    Str:  9    XL:     12   Next: 14%
Magic:  8/23       EV: 26    Int: 27    God:    Uskayaw [*.....]
Gold:   595        SH:  0    Dex: 11    Spells: 2/25 levels left

rFire    x . .     SeeInvis +   b - +6 hunting sling of Midsummer {freeze, Will+ Int+6 Dex-4}
rCold    + . .     Faith    .   (shield restricted)
rNeg     . . .     Spirit   .   Q - +0 steam dragon scales
rPois    +         Reflect  .   (helmet restricted)
rElec    .         Harm     .   (no cloak)
rCorr    .         Rampage  .   (gloves unavailable)
Will     ++++.                  (boots unavailable)
Stlth    ++++++....             x - amulet of regeneration
HPRegen  1.18/turn              N - +4 ring of evasion
MPRegen  0.18/turn              A - ring "Jibbyut" {Ice *Corrode rPois Will+ Str+4}

@: very slightly contaminated, slowed, quick
A: very small, no large weapons, unfitting armour, see invisible, speed 3
a: Renounce Religion, Stomp


You were on level 3 of the Lair of Beasts.
You worshipped Uskayaw.
Uskayaw was noncommittal.
You visited 3 branches of the dungeon, and saw 14 of its levels.

You collected 595 gold pieces.

Inventory:

Hand Weapons
 a - a +0 dagger
 b - the +6 hunting sling of Midsummer (weapon) {freeze, Will+ Int+6 Dex-4}
   (You found it on level 6 of the Dungeon)

   It causes projectiles fired from it to freeze those they strike, causing
   extra injury to most foes and up to half again as much damage against
   particularly susceptible opponents.
   They can also slow down cold-blooded creatures.
   It affects your intelligence (+6).
   It affects your dexterity (-4).
   It increases your willpower.
Missiles
 e - 227 stones
 i - 36 sling bullets (quivered ammo)
 l - 169 arrows
 n - 75 poisoned darts
 p - 10 boomerangs
 z - 59 bolts
 G - 6 silver boomerangs
 S - 2 throwing nets
Armour
 c - a +0 robe
 Q - +0 steam dragon scales (worn)
Magical Staves
 f - a staff of death
Jewellery
 m - a ring of wizardry
 r - a ring of magical power
 x - an amulet of regeneration (around neck)
 A - the ring "Jibbyut" (right hand) {Ice *Corrode rPois Will+ Str+4}
   (You found it on level 7 of the Dungeon)

   [ring of ice]

   It enhances your ice magic.
   It affects your strength (+4).
   It makes you vulnerable to fire.
   It protects you from cold.
   It protects you from poison.
   It may corrode you when you take damage.
   It increases your willpower.
 N - a +4 ring of evasion (left hand)
Wands
 o - a wand of flame (52)
 I - a wand of mindburst (23)
 J - a wand of digging (4)
 R - a wand of iceblast (15)
Scrolls
 d - 2 scrolls of immolation
 g - a scroll of fear
 k - a scroll of enchant armour {unknown}
 s - 4 scrolls of vulnerability
 t - 6 scrolls of teleportation
 u - a scroll of identify
 v - a scroll of summoning {unknown}
 w - a scroll of magic mapping {unknown}
 B - 2 scrolls of noise {unknown}
 C - a scroll of fog {unknown}
 E - a scroll of amnesia {unknown}
 H - a scroll of brand weapon {unknown}
Potions
 h - a potion of flight
 j - 4 potions of attraction
 q - 2 potions of might
 y - 2 potions of cancellation
 D - a potion of resistance
 F - 2 potions of heal wounds
 K - a potion of haste
 M - 8 potions of ambrosia
 O - a potion of brilliance {unknown}
 P - a potion of magic {unknown}


   Skills:
 - Level 2.0 Fighting
 - Level 1.0 Throwing
 + Level 12.4 Dodging
 + Level 14.6 Stealth
 - Level 7.0 Spellcasting
 - Level 3.0 Conjurations
 + Level 11.3 Hexes
 - Level 5.0 Ice Magic
 + Level 6.2 Invocations
 - Level 1.3 Evocations


You had 2 spell levels left.
You knew the following spells:

 Your Spells              Type           Power      Damage    Failure   Level
a - Freeze                Ice            100%       1d11      1%          1
b - Frozen Ramparts       Ice            100%       1d12      2%          3
c - Hailstorm             Conj/Ice       46%        3d11      11%         4
d - Ozocubu's Armour      Ice            53%        N/A       2%          3
e - Metabolic Englaciati  Hex/Ice        34%        N/A       6%          5
f - Ensorcelled Hibernat  Hex/Ice        100%       N/A       1%          2
g - Yara's Violent Unrav  Hex/Tmut       20%        3d9       16%         5

Your spell library contained the following spells:

 Spells                   Type           Power      Damage    Failure   Level
 Corona                   Hex            70%        N/A       1%          1
 Magic Dart               Conj           100%       1d8       1%          1
 Slow                     Hex            63%        N/A       1%          2
 Searing Ray              Conj           50%        3d5       2%          2
 Animate Skeleton         Necr           18%        N/A       6%          1
 Apportation              Tloc           18%        N/A       6%          1
 Summon Small Mammal      Summ           36%        N/A       6%          1
 Confusing Touch          Hex            63%        N/A       1%          3
 Dazzling Flash           Conj/Hex       96%        N/A       1%          3
 Inner Flame              Hex/Fire       40%        N/A       1%          3
 Portal Projectile        Hex/Tloc       80%        N/A       1%          3
 Tukima's Dance           Hex            63%        N/A       1%          3
 Cause Fear               Hex            31%        N/A       1%          4
 Fulminant Prism          Conj/Hex       24%        3d13      3%          4
 Leda's Liquefaction      Hex/Erth       20%        N/A       6%          4
 Gell's Gravitas          Tloc           4%         N/A       17%         3
 Iskenderun's Mystic Bla  Conj/Tloc      17%        2d5       30%         4
 Petrify                  Tmut/Erth      9%         N/A       50%         4


Dungeon Overview and Level Annotations

Branches:
Dungeon (10/15)            Temple (1/1) D:7            Lair (3/6) D:10
  Swamp (0/4) Lair:2       Spider (0/4) Lair:3
    Orc: D:9-12

Altars:
Ashenzari
Cheibriados
Dithmenos
Elyvilon
Fedhas
Gozag
Hepliaklqana
Kikubaaqudgha
Makhleb
Nemelex Xobeh
Okawaru
Qazlal
Ru
Sif Muna
Trog
Uskayaw
Vehumet
Wu Jian
Xom
Yredelemnul
Zin
The Shining One

Shops:
D:4 (   D:7 (

Annotations:
D:8 exclusion: centaur warrior
Lair:1 exclusion: hell hound
Lair:2 Gastronok
Lair:3 Rupert, Urug


Innate Abilities, Weirdness & Mutations

You are very small and have problems with some larger weapons.
You are too small for most types of armour.
You have supernaturally acute eyesight. (SInv)
You cover ground extremely quickly. (Speed+++)


Message History

The sling bullet hits Rupert but does no damage.
Rupert is moderately wounded.
You shoot a sling bullet.
The sling bullet completely misses Rupert.
You shoot a sling bullet. The sling bullet closely misses Rupert.
You shoot a sling bullet. The sling bullet barely misses Rupert.
Rupert roars madly and goes into a rage!
Rupert goes berserk!
Casting: Yara's Violent Unravelling (quite dangerous; 16% risk of failure)
Confirm with . or Enter, or press ? or * to list all spells.
The spell is quite dangerous to cast (16% risk of failure)!
Continue anyway?
Aiming: Yara's Violent Unravelling (quite dangerous; 16% risk of failure)
Press: ? - help, Shift-Dir - straight line, f/p - Rupert
Aim: Rupert, wielding a +2 great sword of distortion and wearing a +0 chain mail of cold resistance (moderately wounded, berserk, 100% to hit)
You miscast Yara's Violent Unravelling.
You are very lightly contaminated with residual magic.
Nothing appears to happen.
Casting: Yara's Violent Unravelling (quite dangerous; 16% risk of failure)
Confirm with . or Enter, or press ? or * to list all spells.
The spell is quite dangerous to cast (16% risk of failure)!
Continue anyway?
Aiming: Yara's Violent Unravelling (quite dangerous; 16% risk of failure)
Press: ? - help, Shift-Dir - straight line, f/p - Rupert
Aim: Rupert, wielding a +2 great sword of distortion and wearing a +0 chain mail of cold resistance (moderately wounded, berserk, 100% to hit)
You miscast Yara's Violent Unravelling.
You feel a strange surge of energy.
You feel yourself slow down. Rupert completely misses you.
Casting: Yara's Violent Unravelling (quite dangerous; 16% risk of failure)
Confirm with . or Enter, or press ? or * to list all spells.
The spell is quite dangerous to cast (16% risk of failure)!
Continue anyway?
Aiming: Yara's Violent Unravelling (quite dangerous; 16% risk of failure)
Press: ? - help, Shift-Dir - straight line, f/p - Rupert
Aim: Rupert, wielding a +2 great sword of distortion and wearing a +0 chain mail of cold resistance (moderately wounded, berserk, 100% to hit)
Rupert is unaffected.
Rupert hits you with a +2 great sword of distortion!!
Space warps horribly around you!!
* * * LOW HITPOINT WARNING * * *
Rupert barely misses you.
As you read the scroll of fear, it crumbles to dust.
You assume a fearsome visage.
Rupert resists with some effort.
Rupert hits you with a +2 great sword of distortion!
You die...

##(........####..##
#..(((.....## ##..#
##..#........###...#
###..####.@..(###.....
#....# ###..@##......
##...## ###.......##
##..#.######......###
#..##.##..(.....P.##
###..@@.....(.........
#...........###.......
####(.....####.....#.P
#.#......(##.†.#P##.
###.......(....#####
##..........##
#.........##
##.####...# ##.# #..##


You could see Rupert (berserk).

Vanquished Creatures
  Pikel (D:8)
  8 cane toads
  A rime drake (Lair:2)
  4 komodo dragons
  A queen bee (Lair:1)
  A hornet (D:9)
  Sigmund (D:3)
  A wraith (D:9)
  2 wyverns
  2 steam dragons
  2 basilisks
  17 yaks
  11 water moccasins
  Duvessa (D:4)
  3 black bears
  3 ice beasts
  4 orc warriors
  2 sky beasts
  3 necrophages
  18 wolves
  An ogre (D:7)
  2 centaurs
  Blork the orc (D:4)
  2 kobold brigands
  4 bullfrogs
  A gnoll sergeant (D:9)
  A wyvern zombie (D:7)
  7 scorpions
  Dowan (D:4)
  A wyvern skeleton (D:7)
  A water moccasin skeleton (D:5)
  31 killer bees
  A howler monkey (D:5)
  12 wights
  An electric eel (Lair:2)
  A crimson imp (D:4)
  2 centaur zombies
  2 bullfrog zombies
  10 orc priests
  3 hounds
  A jelly (D:5)
  A centaur skeleton (D:7)
  Jessica (D:3)
  4 iguanas
  Ijyb (D:4)
  8 orc wizards
  10 adders
  8 gnolls
  An ufetubus (D:5)
  2 worms (Lair:3)
  2 dart slugs (D:4)
  38 orcs
  5 endoplasms
  8 giant cockroaches
  4 goblins
  3 hobgoblins
  2 jackals (D:3)
  17 kobolds
  3 quokkas
  10 ball pythons
  4 bats
  4 frilled lizards
  A rat (D:3)
  A spectral orc (D:6)
310 creatures vanquished.

Vanquished Creatures (others)
  10 fungi
  11 plants
21 creatures vanquished.

Grand Total: 331 creatures vanquished

Notes
Turn   | Place    | Note
-------+----------+-------------------------------------------
     0 | D:1      | frstone the Spriggan Wanderer began the quest for the Orb.
     0 | D:1      | frstone set off with the following items: a +0 dagger, a
                  | potion of lignification, a +0 robe; and the following spell
                  | memorised: Freeze; and the following spells available to
                  | memorise: Frozen Ramparts, Ozocubu's Armour, Hailstorm,
                  | Metabolic Englaciation
     0 | D:1      | Reached XP level 1. HP: 10/10 MP: 5/5
   306 | D:1      | Reached XP level 2. HP: 12/14 MP: 4/6
   559 | D:1      | Reached skill level 1 in Dodging
   979 | D:1      | You fall into a shaft and drop 1 floor!
  1595 | D:2      | Reached XP level 3. HP: 7/18 MP: 3/8
  2141 | D:2      | Learned a level 3 spell: Frozen Ramparts
  2267 | D:3      | Noticed an ice beast
  2535 | D:3      | Reached skill level 4 in Stealth
  2607 | D:3      | Found a faded altar of an unknown god.
  2607 | D:3      | Noticed Sigmund
  2696 | D:3      | Reached XP level 4. HP: 22/22 MP: 5/10
  2703 | D:3      | Learned a level 4 spell: Hailstorm
  3077 | D:3      | Noticed Jessica
  3381 | D:4      | Noticed a scorpion
  3523 | D:4      | Noticed a centaur
  3535 | D:4      | Killed a centaur
  3536 | D:4      | Reached skill level 1 in Conjurations
  3536 | D:4      | Reached XP level 5. HP: 21/25 MP: 4/11
  3965 | D:4      | Found Obimy's Antique Weapon Shop.
  4084 | D:4      | Noticed Blork the orc
  4341 | D:4      | Reached XP level 6. HP: 22/30 MP: 6/13
  4559 | D:4      | Reached skill level 5 in Stealth
  5107 | D:4      | Noticed Duvessa
  5123 | D:5      | Entered Level 5 of the Dungeon
  5123 | D:5      | Noticed an ice beast
  5314 | D:4      | Killed Duvessa
  5315 | D:4      | Reached XP level 7. HP: 28/33 MP: 14/14
  5419 | D:4      | Noticed Dowan
  5636 | D:4      | Killed Dowan
  5720 | D:4      | Found a blossoming altar of Fedhas.
  5779 | D:4      | Found a hide-covered altar of Uskayaw.
  5783 | D:4      | Became a worshipper of Uskayaw the Reveller
  5811 | D:4      | Found a sparkling altar of Nemelex Xobeh.
  5850 | D:4      | Noticed Ijyb
  5931 | D:5      | Reached * piety under Uskayaw
  5936 | D:5      | Learned a level 3 spell: Ozocubu's Armour
  5940 | D:5      | Reached ** piety under Uskayaw
  5964 | D:5      | Reached skill level 6 in Stealth
  6121 | D:5      | Found an opulent altar of Gozag.
  6211 | D:5      | Reached skill level 5 in Spellcasting
  6323 | D:5      | Learned a level 5 spell: Metabolic Englaciation
  6365 | D:5      | Reached skill level 1 in Hexes
  6365 | D:5      | Reached skill level 5 in Ice Magic
  6365 | D:5      | Reached XP level 8. HP: 23/37 MP: 7/16
  6633 | D:5      | Found an ancient bone altar of Kikubaaqudgha.
  6905 | D:5      | Reached skill level 5 in Dodging
  7034 | D:5      | Found an iron altar of Okawaru.
  7146 | D:5      | Reached skill level 7 in Stealth
  7327 | D:6      | Identified the +6 hunting sling of Midsummer {freeze, Will+
                  | Int+6 Dex-4}
  7710 | D:6      | Reached *** piety under Uskayaw
  8052 | D:6      | Reached skill level 8 in Stealth
  8052 | D:6      | Reached skill level 5 in Hexes
  8399 | D:6      | Found a basalt altar of Yredelemnul.
  8496 | D:7      | Reached **** piety under Uskayaw
  8574 | D:7      | Identified the ring "Jibbyut" {Ice *Corrode rPois Will+
                  | Str+4}
  8612 | D:7      | Reached XP level 9. HP: 33/40 MP: 9/18
  9072 | D:7      | Found a staircase to the Ecumenical Temple.
  9153 | D:7      | Found Mankuise's Weapon Shop.
  9351 | D:7      | Reached skill level 9 in Stealth
  9992 | D:7      | Learned a level 2 spell: Ensorcelled Hibernation
 10002 | Temple   | Entered the Ecumenical Temple
 10327 | D:8      | Noticed Pikel
 10334 | D:8      | Killed Pikel
 10688 | D:8      | Reached skill level 10 in Stealth
 10847 | D:8      | Noticed a centaur warrior
 10954 | D:8      | Reached XP level 10. HP: 46/46 MP: 15/21
 11590 | D:9      | Reached skill level 11 in Stealth
 11628 | D:9      | Learned a level 5 spell: Yara's Violent Unravelling
 11890 | D:9      | Found an ornate altar of the Wu Jian Council.
 12080 | D:9      | Noticed a centaur warrior
 12100 | D:10     | Entered Level 10 of the Dungeon
 12100 | D:10     | Found a staircase to the Lair.
 12535 | D:10     | Found a broken altar of Ashenzari.
 12729 | D:10     | Reached ***** piety under Uskayaw
 12733 | D:10     | Reached skill level 10 in Dodging
 12733 | D:10     | Reached skill level 1 in Invocations
 12759 | D:10     | Reached ****** piety under Uskayaw
 12764 | D:10     | Reached skill level 12 in Stealth
 13304 | Lair:1   | Entered Level 1 of the Lair of Beasts
 13493 | Lair:1   | Noticed a cane toad
 13495 | Lair:1   | Noticed a cane toad
 13495 | Lair:1   | Noticed a cane toad
 13495 | Lair:1   | Noticed a cane toad
 13505 | Lair:1   | Killed a cane toad
 13517 | Lair:1   | Killed a cane toad
 13518 | Lair:1   | Reached XP level 11. HP: 50/50 MP: 22/22
 13855 | Lair:1   | Reached skill level 13 in Stealth
 13864 | Lair:1   | Reached skill level 10 in Hexes
 14150 | Lair:1   | Found a dark tunnel.
 14610 | Lair:2   | Found a staircase to the Swamp.
 14716 | Lair:2   | Found a gate leading to a gauntlet.
 14786 | Lair:2   | Noticed Gastronok
 14856 | Lair:2   | Found a broken altar of Ashenzari.
 15069 | Lair:2   | Reached skill level 5 in Invocations
 15946 | D:6      | Identified the -5 buckler of the Orcish Mines {Dex+3
                  | Slay+6}
 16013 | D:4      | Killed Ijyb
 16014 | D:4      | Reached skill level 14 in Stealth
 16087 | D:4      | Killed Blork the orc
 16176 | D:4      | Found a burning altar of Makhleb.
 16180 | D:4      | Found a shimmering altar of Xom.
 16305 | D:3      | Killed Sigmund
 16543 | D:3      | Killed Jessica
 16549 | D:3      | Found a shimmering blue altar of Sif Muna.
 18113 | Lair:3   | Noticed a boulder beetle
 18394 | Lair:3   | Reached XP level 12. HP: 54/54 MP: 23/23
 18686 | Lair:3   | Noticed Urug
 18899 | Lair:3   | Found a hole to the Spider Nest.
 19117 | Lair:3   | Noticed Rupert
 19192 | Lair:3   | Slain by Rupert

Illustrated notes

Levels and vault maps discovered:
D:1:      dpeg_arrival_renting, layout_loops_ring, serial_forest,
          infiniplex_forest_clump_tiny, infiniplex_forest_straight_5,
          infiniplex_forest_zigzag_1, infiniplex_forest_end_3,
          infiniplex_forest_clump_curved, infiniplex_forest_fountain,
          infiniplex_forest_zigzag_2, infiniplex_forest_zigzag_1,
          infiniplex_forest_lined_3, infiniplex_forest_straight_3
D:2:      layout_rooms
D:3:      layout_basic, tgw_sif, chequers_ecumenical_altar_simple_redux,
          uniq_sigmund
D:4:      layout_basic, grunt_temple_overflow_champion_of_chaos,
          nemelex_spade_bored_becter, lemuel_crystal_altar, marbit_many_paths,
          serial_shops, nicolae_shop_stone, uniq_duvessa, uniq_blork_the_orc,
          uniq_ijyb
D:5:      layout_rooms, overflow_temple_1_default, lemuel_tele_altar,
          okawaru_metal_pillars_1_2, hangedman_decor_diamond_cutter
D:6:      layout_cave_pods, yredelemnul_forgotten_temple_becter,
          kennysheep_generic_room_10
D:7:      layout_basic, minmay_temple_entry_ruins, serial_shops, shop,
          minmay_liquid_box, serial_park_tiny_pond
D:8:      layout_basic, minmay_fractal_squares_gapless_5, uniq_pikel
D:9:      layout_basic, lemuel_crystal_altar, nrook_campfire,
          nicolae_water_bricks
D:10:     layout_rooms, kennysheep_mini, lair_entry_dummy,
          kennysheep_generic_room_12
Temple:   jpeg_temple_alley_garden
Lair:1:   layout_roguey [special_room_bee], enter_volcano_3, beast_lair_carwin_4
Lair:2:   layout_big_grid, swamp_mist_pool, basic_altar, gauntlet_entry_generic,
          uniq_gastronok
Lair:3:   layout_layer_cave, nicolae_spider_entry_non_spiders,
          chequers_serial_rivers_room_a, grunt_megastairs_4, uniq_urug,
          uniq_rupert

Skill      XL: |  1  2  3  4  5  6  7  8  9 10 11 12 |
---------------+-------------------------------------+-----
Dodging        | 1 2 3 4 6 8 10 12 | 12.4
Spellcasting   | 3 4 5 7 |  7.0
Ice Magic      | 3 4 5 |  5.0
Stealth        | 4 5 6 8 10 12 14 | 14.6
Conjurations   | 1 2 3 |  3.0
Hexes          | 1 5 8 9 11 | 11.3
Fighting       | 2 |  2.0
Invocations    | 3 5 6 |  6.2
Throwing       | |  1.0
Evocations     | |  1.3

Action                   |  1- 3 |  4- 6 |  7- 9 | 10-12 || total
-------------------------+-------+-------+-------+-------++-------
Melee: Dagger            |     6 |    13 |    17 |    11 ||    47
 Fire: Hunting sling     |       |       |   169 |   436 ||   605
Throw: Stone             |    79 |    49 |     2 |       ||   130
       Dart              |       |    14 |     6 |     1 ||    21
 Cast: Freeze            |    40 |    36 |    40 |    70 ||   186
       Frozen Ramparts   |     5 |    15 |    21 |    27 ||    68
       Hailstorm         |       |       |    52 |    54 ||   106
       Metabolic Englaci |       |       |       |     3 ||     3
       Ozocubu's Armour  |       |       |       |     5 ||     5
       Ensorcelled Hiber |       |       |       |     1 ||     1
       Yara's Violent Un |       |       |       |     2 ||     2
Evoke: Wand              |     4 |     3 |    10 |     3 ||    20
  Use: Potion            |     1 |     3 |       |       ||     4
       Scroll            |     3 |     4 |     2 |     5 ||    14
 Stab: Sleeping          |     6 |     3 |     6 |     3 ||    18
       Paralysed         |       |       |     1 |     4 ||     5
Armor: Robe              |     4 |     6 |     1 |    11 ||    22
       Skin              |     4 |       |       |       ||     4
       Steam dragon scal |       |       |       |     6 ||     6
Dodge: Dodged            |    14 |    38 |    45 |   148 ||   245

Table legend: (Time is in decaauts)
 A = Elapsed time spent in this place.
 B = Non-inter-level travel time spent in this place.
 C = Inter-level travel time spent in this place.
 D = Time resting spent in this place.
 E = Time spent auto-exploring this place.
 F = Levels seen in this place.
 G = Mean time per level.
                   A        B        C        D        E       F      G
               +--------+--------+--------+--------+--------+-----+--------+
         Total |  14865 |  14051 |    814 |   1804 |   9235 |  14 | 1061.8 |
       Dungeon |  11546 |  10943 |    603 |   1719 |   7058 |  10 | 1154.6 |
        Temple |    139 |    108 |     31 |      0 |    106 |   1 |  139.0 |
          Lair |   3179 |   3000 |    179 |     85 |   2071 |   3 | 1059.7 |
               +--------+--------+--------+--------+--------+-----+--------+

Top non-repeatable levels by time:
     D:4: 2054 daAuts
     D:9: 1509 daAuts
     D:7: 1351 daAuts
     D:3: 1301 daAuts
  Lair:2: 1261 daAuts
     D:5: 1164 daAuts
     D:1: 1112 daAuts
  Lair:1: 1038 daAuts
     D:6: 908 daAuts
  Lair:3: 879 daAuts
    D:10: 806 daAuts
     D:8: 760 daAuts
     D:2: 578 daAuts
  Temple: 139 daAuts
